 Dungeon Crawl Stone Soup version 0.27-a0-124-g19cb506db8 (webtiles) character file.

Game seed: 8279560085109367018

37 lunkers the Chucker (level 3, -1/31 HPs)
             Began as a Hill Orc Hunter on Jan 26, 2021.
             Slain by Natasha (7 damage)
             ... on level 2 of the Dungeon.
             The game lasted 00:01:39 (1219 turns).

lunkers the Chucker (Hill Orc Hunter)               Turns: 1219, Time: 00:01:40

Health: -1/31      AC:  3    Str: 15    XL:     3   Next: 41%
Magic:  0/3        EV: 11    Int: 11    God:
Gold:   124        SH:  0    Dex: 11    Spells: 2/2 levels left

rFire    . . .     SeeInvis +   b - +0 hunting sling
rCold    . . .     Faith    .   (no shield)
rNeg     . . .     Spirit   +   g - +0 leather armour
rPois    .         Reflect  .   (no helmet)
rElec    .         Harm     .   (no cloak)
rCorr    .         Rampage  .   (no gloves)
Will     .....                  (no boots)
Stlth    +.........             j - amulet of guardian spirit
HPRegen  0.10/turn              p - ring of see invisible
MPRegen  0.08/turn              (no ring)

@: slowed, very slow
A: no striking features
a: no special abilities


You were on level 2 of the Dungeon.
You visited 1 branch of the dungeon, and saw 2 of its levels.

You collected 124 gold pieces.

Inventory:

Hand Weapons
 a - a +0 short sword
 b - a +0 hunting sling (weapon)
Missiles
 c - 6 javelins
 d - 2 throwing nets
 l - 26 sling bullets (quivered ammo)
 q - 13 poisoned darts
Armour
 g - a +0 leather armour (worn)
Jewellery
 j - an amulet of guardian spirit (around neck)
 p - a ring of see invisible (left hand)
Scrolls
 e - a scroll of enchant armour {unknown}
 f - a scroll of random uselessness {unknown}
 h - a scroll of amnesia {unknown}
 i - a scroll of enchant weapon {unknown}
 k - a scroll of noise {unknown}
 o - a scroll of fear {unknown}
 s - a scroll of remove curse {unknown}
 t - a scroll of identify {unknown}
Potions
 m - 2 potions of flight {unknown}
 n - a potion of might {unknown}


   Skills:
 + Level 3.6 Fighting
 + Level 4.1 Throwing
 - Level 1.5 Dodging
 - Level 0.7 Stealth


You had 2 spell levels left.
You didn't know any spells.
Your spell library was empty.

Dungeon Overview and Level Annotations

Branches:
Dungeon (2/15)

Altars:

Annotations:
D:2 Natasha


Message History

You shoot a sling bullet. The sling bullet barely misses Natasha.
Natasha closely misses you. Natasha claws you!
* * * LOW HITPOINT WARNING * * *
Fire: 28 sling bullets
Press: ? - help, Q - select action, (/) - cycle Shift-Dir - straight line, f/p - Natasha
Aim: Natasha (moderately wounded, 50% to hit)
You shoot a sling bullet. The sling bullet hits Natasha.
Natasha is severely wounded.
Natasha claws you.
* * * LOW HITPOINT WARNING * * *
Natasha claws you!
* * * LOW HITPOINT WARNING * * *
Unknown command.
Fire: 27 sling bullets
Press: ? - help, Q - select action, (/) - cycle Shift-Dir - straight line, f/p - Natasha
Aim: Natasha (severely wounded, 50% to hit)
You shoot a sling bullet. The sling bullet hits Natasha.
Natasha is severely wounded.
Natasha claws you!
You die...

######..##.#
#.#
#..........#
#.#
#.####..####
#.# #.# #..#
#.# #.# #..#
#.# #.#
#..######.#
##.#
#.......†.#
#..#
#.#########
#.##
#......@.#
#.#
########h#
#.# 5# #.#
(# #.# .#
#.# .# #.#
(# #.# .#
#.#


You could see Natasha and a crimson imp (summoned).

Vanquished Creatures
  An adder (D:2)
  An ufetubus (D:2)
  A leopard gecko (D:2)
  2 bats
  A giant cockroach (D:1)
  3 goblins
  4 frilled lizards
  5 kobolds (D:1)
  7 rats
25 creatures vanquished.

Notes
Turn   | Place    | Note
-------+----------+-------------------------------------------
     0 | D:1      | lunkers the Hill Orc Hunter began the quest for the Orb.
     0 | D:1      | Reached XP level 1. HP: 18/18 MP: 1/1
   218 | D:1      | Reached XP level 2. HP: 25/25 MP: 2/2
   767 | D:2      | Reached skill level 4 in Throwing
   854 | D:2      | Reached XP level 3. HP: 27/31 MP: 1/3
  1209 | D:2      | Noticed Natasha
  1219 | D:2      | Slain by Natasha

Illustrated notes

Levels and vault maps discovered:
D:1:      amcnicky_arrival_single_pillar, layout_rooms, roderic_roman_lattice,
          minmay_cut_off
D:2:      layout_loops_ring, minivault_26, uniq_robin, uniq_natasha

Skill      XL: |  1  2 |
---------------+-------+-----
Fighting       | 3 |  3.6
Throwing       | 4 |  4.1
Dodging        | |  1.5
Stealth        | |  0.7

Action                   || total
-------------------------++-------
Melee: Short sword       ||     2
 Fire: Hunting sling     ||    83
Throw: Javelin           ||     5
Armor: Leather armour    ||    13
Dodge: Dodged            ||    37

Table legend: (Time is in decaauts)
 A = Elapsed time spent in this place.
 B = Non-inter-level travel time spent in this place.
 C = Inter-level travel time spent in this place.
 D = Time resting spent in this place.
 E = Time spent auto-exploring this place.
 F = Levels seen in this place.
 G = Mean time per level.
                   A        B        C        D        E       F      G
               +--------+--------+--------+--------+--------+-----+--------+
         Total |   1231 |   1217 |     14 |      0 |   1029 |   2 |  615.5 |
       Dungeon |   1231 |   1217 |     14 |      0 |   1029 |   2 |  615.5 |
               +--------+--------+--------+--------+--------+-----+--------+

Top non-repeatable levels by time:
     D:1: 643 daAuts
     D:2: 587 daAuts
